 Dungeon Crawl Stone Soup version 0.29.1-12-g30fa7ad0bf (webtiles) character file.

Game seed: 8665227932403251984

2209 MisterFreud the Nimble (level 9, 0/41 HPs)
             Began as a Felid Berserker on Jan 7, 2023.
             Was an Elder of Trog.
             Slain by Maggie
             ... wielding a +2 halberd of flaming
              (7 damage)
             ... on level 7 of the Dungeon.
             The game lasted 00:08:48 (7880 turns).

MisterFreud the Nimble (Felid Berserker)            Turns: 7880, Time: 00:08:48

Health: 0/41       AC:  2    Str: 13    XL:     9   Next: 13%
Magic:  10/10      EV: 26    Int:  9    God:    Trog [****..]
Gold:   347        SH:  0    Dex: 19    Spells: 8/8 levels left
                                        Lives:  0   Deaths: 2

rFire   . . .      SeeInvis +     - Unarmed
rCold   + . .      Faith    .   (shield unavailable)
rNeg    . . .      Spirit   .   (body armour unavailable)
rPois   .          Reflect  .   (helmet unavailable)
rElec   .          Harm     .   (cloak unavailable)
rCorr   .          Rampage  .   (gloves unavailable)
Will    +....                   (boots unavailable)
Stlth   ++++......              u - amulet of regeneration
HPRegen 0.93/turn               e - ring of protection from cold
MPRegen 0.12/turn               (no ring)

@: mesmerised, quick
A: very small, claws 1, fangs 3, see invisible, speed 1, shaggy fur 2, stealthy
paws, no weapons or thrown items, no armour, multi-lived
a: Renounce Religion, Berserk, Trog's Hand, Brothers in Arms


You were on level 7 of the Dungeon.
You worshipped Trog.
Trog was greatly pleased with you.
You visited 1 branch of the dungeon, and saw 7 of its levels.

You collected 347 gold pieces.

Inventory:

Jewellery
 e - a ring of protection from cold (left paw)
 h - an amulet of reflection
 u - an amulet of regeneration (around neck)
Wands
 x - a wand of polymorph (6)
Scrolls
 b - 3 scrolls of teleportation
 m - 2 scrolls of blinking
 v - 2 scrolls of magic mapping
Potions
 a - 3 potions of might
 d - a potion of cancellation
 f - 7 potions of curing
 g - a potion of heal wounds
 i - a potion of flight
 k - 2 potions of magic
 p - a potion of berserk rage
 q - 2 potions of mutation
 s - a potion of brilliance
 t - a potion of haste
 w - a potion of resistance {unknown}


   Skills:
 - Level 6.0 Fighting
 + Level 11.3 Dodging
 + Level 8.5 Stealth
 + Level 7.3 Unarmed Combat
 - Level 5.0 Evocations


You had 8 spell levels left.
You didn't know any spells.
Your spell library was empty.

Dungeon Overview and Level Annotations

Branches:
Dungeon (7/15)             Temple (0/1) D:5

Altars:
Dithmenos
Nemelex Xobeh

Annotations:
D:7 Maggie


Innate Abilities, Weirdness & Mutations

You have sharp claws.
You have razor-sharp teeth.
You have supernaturally acute eyesight. (SInv)
You cover ground quickly. (Speed+)
You are covered in thick fur. (AC +2)
Your paws help you pounce on unaware monsters.
You are incapable of wielding weapons or throwing items.
You cannot wear armour.
You gain extra lives every three experience levels.


Message History

Maggie gestures wildly while chanting.
Maggie draws you further into her thrall.
You scratch Maggie but do no damage. You claw Maggie, but do no damage.
Maggie is moderately wounded.
Maggie hits you with a +2 halberd of flaming!
Maggie burns you!
You scratch Maggie but do no damage.
Maggie is moderately wounded.
Maggie completely misses you.
You scratch Maggie but do no damage.
Maggie is moderately wounded.
Maggie barely misses you.
You claw Maggie!
Maggie is moderately wounded.
You scratch Maggie.
Maggie is heavily wounded.
Maggie misses you.
You scratch Maggie. You claw Maggie, but do no damage.
You bite Maggie, but do no damage.
Maggie is heavily wounded.
Maggie misses you.
You scratch Maggie.
Maggie is heavily wounded.
Maggie gestures at you while chanting. The bolt of fire misses you.
You scratch Maggie but do no damage.
Maggie is heavily wounded.
Maggie gestures at you while chanting. The bolt of fire misses you.
You scratch Maggie.
Maggie is heavily wounded.
Maggie misses you.
You scratch Maggie but do no damage.
Maggie is heavily wounded.
You scratch Maggie. Your bite misses Maggie.
Maggie is heavily wounded.
Maggie hits you with a +2 halberd of flaming!!
* * * LOW HITPOINT WARNING * * *
Maggie burns you!
You die...

.............<..).......
###.###.#####.###.....##
#.# #.# ##...## #.# #.#
##### #.# #.##########
#.# #........... #?#
#.##..###### #.#####.#
#.##..## .......@#
###.#..).####
#......@........#.....#
#..#####.####.....##..#
.. ........?.....#
.####...#.##..# .#
##..#.#...# .#
#.#...#..# .#
#.##.##..## #. #.##..#.


You could see Maggie (mesmerising).

Vanquished Creatures
  Joseph (D:7)
  A hornet (D:7)
  Sigmund (D:4)
  Menkaure (D:7)
  2 water moccasins (D:6)
  Duvessa (D:5)
  2 ice beasts
  2 sky beasts (D:6)
  2 centaurs
  4 ogres (D:4)
  2 phantoms
  A scorpion (D:6)
  4 wights
  Dowan (D:5)
  A howler monkey (D:6)
  6 hounds
  6 orc priests
  4 jellies
  Crazy Yiuf (D:4)
  Jessica (D:2)
  2 gnoll boudas (D:6)
  Terence (D:2)
  Natasha (thrice) (D:2)
  2 iguanas
  5 orc wizards
  12 gnolls
  5 adders
  A shadow imp (D:6)
  2 white imps
  An ufetubus (D:4)
  3 worms
  4 dart slugs
  21 orcs
  5 bats
  4 endoplasms
  3 giant cockroaches
  7 hobgoblins
  7 jackals (D:3)
  2 quokkas (D:3)
  3 ball pythons (D:4)
  3 frilled lizards (D:1)
  9 goblins
  7 kobolds
  5 rats
161 creatures vanquished.

Notes
Turn   | Place    | Note
-------+----------+-------------------------------------------
     0 | D:1      | MisterFreud the Felid Berserker began the quest for the
                  | Orb.
     0 | D:1      | Reached XP level 1. HP: 10/10 MP: 2/2
    26 | D:1      | Reached skill level 1 in Stealth
   160 | D:1      | Reached XP level 2. HP: 14/14 MP: 3/3
   617 | D:1      | Found a faded altar of an unknown god.
   681 | D:1      | Reached XP level 3. HP: 11/17 MP: 4/4
   830 | D:1      | Reached ** piety under Trog
  1093 | D:2      | Noticed Natasha
  1094 | D:2      | Noticed Terence
  1098 | D:2      | Killed Natasha
  1400 | D:2      | Identified the amulet of the Princess {RegenMP rC- Str+2
                  | Dex+4}
  1429 | D:2      | Noticed Jessica
  1438 | D:2      | Killed Terence
  1439 | D:2      | Reached XP level 4. HP: 21/21 MP: 5/5
  1444 | D:2      | Killed Jessica
  1657 | D:2      | Noticed Natasha
  1662 | D:2      | Killed Natasha
  1663 | D:2      | Reached XP level 5. HP: 24/24 MP: 6/6
  1811 | D:2      | Noticed Natasha
  1819 | D:2      | Killed Natasha
  1820 | D:2      | Reached skill level 5 in Stealth
  2185 | D:3      | Reached skill level 5 in Unarmed Combat
  2382 | D:3      | Found a shadowy altar of Dithmenos.
  2969 | D:4      | Noticed an ogre
  2982 | D:4      | Killed an ogre
  2983 | D:4      | Gained mutation: You are covered in thick fur. (AC +2)
                  | [Felid growth]
  2983 | D:4      | Reached XP level 6. HP: 28/28 MP: 7/7
  3384 | D:4      | Reached skill level 5 in Dodging
  3500 | D:4      | Reached XP level 7. HP: 31/31 MP: 8/8
  3533 | D:4      | Reached skill level 6 in Dodging
  3722 | D:4      | Reached skill level 7 in Dodging
  3737 | D:4      | Mangled by an ogre
  3738 | D:4      | Reached XP level 6. HP: -7/28 MP: 7/7
  4019 | D:4      | Reached skill level 8 in Dodging
  4435 | D:4      | Found a runed translucent door.
  4436 | D:4      | Noticed Crazy Yiuf
  4464 | D:4      | Noticed Sigmund
  4478 | D:4      | Killed Sigmund
  4479 | D:4      | Reached skill level 9 in Dodging
  4479 | D:4      | Reached XP level 7. HP: 31/31 MP: 8/8
  4805 | D:4      | Killed Crazy Yiuf
  4805 | D:4      | Reached *** piety under Trog
  4957 | D:5      | Entered Level 5 of the Dungeon
  5134 | D:5      | Found a staircase to the Ecumenical Temple.
  5152 | D:5      | Reached skill level 10 in Dodging
  5300 | D:5      | Noticed Duvessa
  5300 | D:5      | Noticed Dowan
  5315 | D:5      | Killed Duvessa
  5318 | D:5      | Killed Dowan
  5528 | D:5      | Reached XP level 8. HP: 36/36 MP: 9/9
  5666 | D:5      | Reached skill level 5 in Fighting
  6487 | D:6      | Reached skill level 1 in Evocations
  6652 | D:6      | Reached skill level 5 in Evocations
  6810 | D:6      | Found a sparkling altar of Nemelex Xobeh.
  6900 | D:6      | Killed from afar by an orc priest
  6901 | D:6      | Reached XP level 7. HP: -2/34 MP: 8/8
  6949 | D:6      | Reached XP level 8. HP: 34/38 MP: 9/9
  7560 | D:7      | Noticed Menkaure
  7571 | D:7      | Killed Menkaure
  7572 | D:7      | Noticed Joseph
  7578 | D:7      | Killed Joseph
  7579 | D:7      | Reached skill level 11 in Dodging
  7681 | D:7      | Reached **** piety under Trog
  7779 | D:7      | Reached XP level 9. HP: 40/41 MP: 10/10
  7861 | D:7      | Noticed Maggie
  7880 | D:7      | Slain by Maggie

Illustrated notes

Levels and vault maps discovered:
D:1:      co_arrival_square_in_a_square_in_a_square, layout_basic,
          hellmonk_ecumenical_altar_leap_of_faith, minmay_pentomino_z2
D:2:      layout_basic, uniq_terence, uniq_natasha, uniq_jessica
D:3:      layout_loops_ring, grunt_dithmenos_smoke_and_mirrors
D:4:      layout_layer_cave, moated_statue, minmay_surrounded, uniq_sigmund,
          uniq_crazy_yiuf_cottage
D:5:      layout_cave_pods, minmay_temple_entry_mist, uniq_duvessa
D:6:      layout_loops_ring, kennysheep_mini_moat
D:7:      layout_loops_ring, st_stairs_6, uniq_joseph, uniq_maggie,
          uniq_menkaure

Skill      XL: |  1  2  3  4  5  6  7  8 |
---------------+-------------------------+-----
Stealth        | 1 2 4 6 8 |  8.5
Unarmed Combat | 4 5 6 7 |  7.3
Dodging        | 9 10 11 | 11.3
Fighting       | 4 6 |  6.0
Evocations     | 5 |  5.0

Action                   |  1- 3 |  4- 6 |  7- 9 || total
-------------------------+-------+-------+-------++-------
Melee: Unarmed           |    84 |   163 |   394 ||   641
       Bite              |     5 |    15 |    49 ||    69
       Punch             |     2 |     7 |    20 ||    29
Invok: Berserk           |     2 |     4 |     5 ||    11
       Trog's Hand       |       |     1 |     3 ||     4
  Use: Scroll            |       |    11 |    12 ||    23
 Stab: Sleeping          |     1 |     8 |     5 ||    14
       Distracted        |     1 |     1 |     1 ||     3
Armor: Skin              |       |     8 |    10 ||    18
Dodge: Dodged            |    60 |   110 |   313 ||   483
Block: Other             |       |    10 |    24 ||    34
       Reflection        |       |     1 |       ||     1
